 Dungeon Crawl Stone Soup version 0.19.0-24-gb05acd6 (webtiles) character file.

294 vev the Chopper (level 6, 0/46 HPs)
             Began as a Minotaur Gladiator on Nov 20, 2016.
             Slain by an orc wizard
             ... wielding a +0 rapier
              (3 damage)
             ... on level 4 of the Dungeon.
             The game lasted 00:03:57 (3083 turns).

vev the Chopper (Minotaur Gladiator)                Turns: 3083, Time: 00:03:57

Health: 0/46       AC:  5    Str: 19 (20) XL:     6   Next: 11%
Magic:  5/5        EV: 12    Int:  3 (5)  God:
Gold:   124        SH:  0    Dex: 10 (12) Spells: 0 memorised, 5 levels left

rFire  . . .     SeeInvis .     a - +0 war axe
rCold  . . .     Gourm    .     n - +0 ring mail
rNeg   . . .     Faith    +     (no shield)
rPois  .         Spirit   .     (helmet unavailable)
rElec  .         Reflect  .     (no cloak)
rCorr  .         Harm     .     (no gloves)
MR     .....                    (no boots)
Stlth  ..........               h - amulet of faith
                                (no ring)
                                (no ring)

@: no status effects
A: retaliatory headbutt, hooves 1, horns 3, frail 1
a: no special abilities


You were on level 4 of the Dungeon.
You were hungry.

You visited 1 branch of the dungeon, and saw 4 of its levels.

You collected 124 gold pieces.

Inventory:

Hand Weapons
 a - a +0 war axe (weapon)
Missiles
 d - 5 throwing nets (quivered)
Armour
 b - a +0 leather armour
 c - a +0 hat
 n - a +0 ring mail (worn)
Jewellery
 h - an amulet of faith (around neck)
Scrolls
 e - 5 scrolls of enchant armour {unknown}
 g - a scroll of enchant weapon {unknown}
 i - 3 scrolls of fear {unknown}
 j - 5 scrolls of identify {unknown}
 k - 2 scrolls of remove curse {unknown}
 l - a scroll of teleportation {unknown}
 m - a scroll of random uselessness {unknown}
 o - 2 scrolls of blinking {unknown}
 p - 2 scrolls of immolation {unknown}
 r - a scroll of magic mapping {unknown}
Potions
 t - 2 potions of agility
Books
 w - a book of Misfortune

   Spells                             Type                      Level
   a - Confusing Touch                Hexes                        1
   b - Confuse                        Hexes                        3
   c - Gell's Gravitas                Hexes/Translocation          3
   d - Petrify                        Transmutation/Earth          4
   e - Metabolic Englaciation         Hexes/Ice                    5
   f - Yara's Violent Unravelling     Hexes/Transmutation          5
Comestibles
 f - 2 bread rations
 q - 3 slices of pizza
 s - 2 beef jerkies
 u - a meat ration


   Skills:
 + Level 3.8 Fighting
 * Level 5.9 Axes
 - Level 2.0 Throwing
 + Level 3.0 Armour
 + Level 4.5 Dodging


You had 5 spell levels left.
You didn't know any spells.

Dungeon Overview and Level Annotations

Branches:
Dungeon (4/15)
 Temple: D:4-7

Altars:
Hepliaklqana
Qazlal

Annotations:
D:3 Nordron's ghost, amateur GrFi


Innate Abilities, Weirdness & Mutations

You reflexively headbutt those who attack you in melee.
You have a pair of large horns on your head.
You have large cloven feet.
You are frail. (-10% HP)


Message History

* * * LOW HITPOINT WARNING * * *
An orc comes into view. It is wielding a trident.
It was a potion of heal wounds.
You feel much better.
The orc priest invokes the aid of Beogh against you.
Beogh smites you!
* * * LOW HITPOINT WARNING * * *
The orc wizard gestures at you while chanting.
The puff of flame hits you!
* * * LOW HITPOINT WARNING * * *
It was a potion of degeneration.
There was something very wrong with that liquid.
You feel weakened.
You feel dopey.
You feel clumsy.
The orc wizard hits you but does no damage.
The orc priest misses you. You furiously retaliate!
You headbutt the orc priest! You closely miss the orc priest.
You kick the orc priest, but do no damage.
The orc priest is almost dead.
You barely miss the orc wizard. The orc wizard hits you with a rapier.
You die...

..## #..##
#..# #)# ..#
#.##
########..#
#.# #.. #..
#.........##.#
##. #.
#..######....#
#. ##. ##..##
#..# #...#
.oa### ##...#
#oo###....##
#@........#
##...##...#
#..######...#
#.### #... #.#
#... ... #..
#.. #.


You could see a worker ant, an orc priest, an orc wizard and an orc.

Vanquished Creatures
  An ogre (D:4)
  An iguana (D:4)
  A worker ant (D:4)
  An orc wizard (D:4)
  A hound skeleton (D:4)
  6 adders
  An ooze (D:3)
  2 worms
  2 dart slugs (D:1)
  2 leopard geckos
  3 orcs (D:4)
  8 bats
  2 giant cockroaches (D:2)
  7 goblins
  4 hobgoblins
  2 jackals (D:2)
  3 quokkas
  5 frilled lizards
  7 kobolds
  6 rats
65 creatures vanquished.

Notes
Turn   | Place    | Note
-------+----------+-------------------------------------------
     0 | D:1      | vev the Minotaur Gladiator began the quest for the Orb.
     0 | D:1      | Reached XP level 1. HP: 18/18 MP: 0/0
   287 | D:1      | Reached XP level 2. HP: 22/25 MP: 1/1
   299 | D:1      | Reached skill level 4 in Axes
   348 | D:1      | Reached skill level 1 in Armour
   591 | D:2      | Reached XP level 3. HP: 30/30 MP: 2/2
   903 | D:2      | Found a stormy altar of Qazlal.
  1554 | D:3      | Noticed Nordron's ghost (amateur GrFi)
  1889 | D:3      | Reached XP level 4. HP: 36/37 MP: 3/3
  1913 | D:3      | Reached skill level 3 in Fighting
  2082 | D:3      | Reached skill level 5 in Axes
  2082 | D:3      | Reached skill level 4 in Dodging
  2105 | D:3      | Reached skill level 2 in Armour
  2350 | D:4      | Noticed an ogre
  2362 | D:4      | Killed an ogre
  2362 | D:4      | Reached XP level 5. HP: 45/45 MP: 4/4
  2629 | D:4      | Found a hazy altar of Hepliaklqana.
  2784 | D:4      | Reached XP level 6. HP: 52/52 MP: 5/5
  3070 | D:4      | Reached skill level 3 in Armour
  3080 | D:4      | Gained mutation: You have large cloven feet. [potion of mutation]
  3080 | D:4      | Gained mutation: You have a pair of large horns on your head. [potion of mutation]
  3080 | D:4      | Gained mutation: You are frail. (-10% HP) [potion of mutation]
  3081 | D:4      | HP: 2/46 [orc wizard/puff of flame (7)]
  3083 | D:4      | Slain by an orc wizard

Skill      XL: |  1  2  3  4  5  6 |
---------------+-------------------+-----
Axes           | 4 5 |  5.9
Armour         | 1 2 3 |  3.0
Fighting       | 3 |  3.8
Dodging        | 4 |  4.5
Throwing       | |  2.0

Action                   |  1- 3 |  4- 6 || total
-------------------------+-------+-------++-------
Melee: War axe           |    93 |    58 ||   151
       Headbutt          |    12 |    10 ||    22
       Kick              |       |     1 ||     1
  Use: Potion            |     4 |     3 ||     7
  Eat: Chunk             |     3 |     3 ||     6
Armor: Leather armour    |    33 |       ||    33
       Ring mail         |     1 |    17 ||    18
Dodge: Dodged            |    97 |    30 ||   127
